 Dungeon Crawl Stone Soup version 0.28.0-53-g5a82cb258f (webtiles) character file.

Game seed: 8860033742044449753

2846 MalarOregon the Cleaver (level 9, -5/75 HPs)
             Began as a Palentonga Fighter on June 12, 2022.
             Was a Follower of Qazlal.
             Killed by divine providence
             ... invoked by an orc priest
              (14 damage)
             ... on level 7 of the Dungeon.
             The game lasted 00:09:51 (6568 turns).

MalarOregon the Cleaver (Palentonga Fighter)        Turns: 6568, Time: 00:09:52

Health: -5/75      AC: 17    Str: 23    XL:     9   Next: 46%
Magic:  18/18      EV:  7    Int: 10    God:    Qazlal [*.....]
Gold:   183        SH:  6    Dex:  9    Spells: 5/8 levels left

rFire   . . .      SeeInvis +   a - +3 war axe (venom)
rCold   + . .      Faith    .   c - +0 buckler
rNeg    . . .      Spirit   .   b - +0 scale mail
rPois   .          Reflect  .   (no helmet)
rElec   .          Harm     .   j - +0 cloak
rCorr   .          Rampage  .   s - +1 pair of gloves
Will    .....                   (no barding)
Stlth   ..........              (no amulet)
HPRegen 0.22/turn               o - ring of protection from cold
MPRegen 0.16/turn               r - ring of magical power

@: curled up
A: large, rugged brown scales 3, see invisible, deformed body, roll 1, armoured
tail, reflexive curl
a: Rolling Charge, Renounce Religion


You were on level 7 of the Dungeon.
You worshipped Qazlal.
Qazlal was aware of your devotion.
You visited 2 branches of the dungeon, and saw 8 of its levels.
You also visited: Ossuary.

You collected 391 gold pieces.
You spent 208 gold pieces at shops.


Innate Abilities, Weirdness & Mutations

You are completely covered in rugged brown scales. (AC +3, +7% HP)
You have supernaturally acute eyesight. (SInv)
Armour fits poorly on your strangely shaped body.
You can roll at nearby foes to attack.
You have a long armoured tail.
You curl defensively after being hit. (AC +7*)


   Skills:
 + Level 6.5 Fighting
 * Level 8.4 Axes
 + Level 5.3 Armour
 + Level 5.3 Shields
 + Level 2.2 Translocations


You had 5 spell levels left.
You knew the following spells:

 Your Spells              Type           Power      Damage    Failure   Level
d - Portal Projectile     Hex/Tloc       4%         N/A       91%         3

Your spell library contained the following spells:

 Spells                   Type           Power      Damage    Failure   Level
 Sublimation of Blood     Necr           0%         N/A       86%         2
 Wereblood                Tmut           0%         N/A       86%         2
 Olgreb's Toxic Radiance  Pois           0%         N/A       100%        4
 Blade Hands              Tmut           0%         N/A       100%        5
 Excruciating Wounds      Necr           0%         N/A       100%        5
 Ozocubu's Refrigeration  Ice            0%         4d5       100%        7
 Summon Hydra             Summ           0%         N/A       100%        7
 Ignition                 Fire           0%         3d3       100%        8

Inventory:

Hand Weapons
 a - a +3 war axe of venom (weapon)
   (You bought it in a shop on level 3 of the Dungeon)
Missiles
 h - 4 poisoned darts (quivered)
Armour
 b - a +0 scale mail (worn)
 c - a +0 buckler (worn)
 j - a +0 cloak (worn)
   (You found it on level 1 of the Dungeon)
 s - a +1 pair of gloves (worn)
   (You found it on level 2 of the Dungeon)
Jewellery
 o - a ring of protection from cold (left hand)
   (You found it on level 2 of the Dungeon)
 r - a ring of magical power (right hand)
   (You found it on level 5 of the Dungeon)
Wands
 d - a wand of iceblast (13)
   (You found it on level 5 of the Dungeon)
 x - a wand of acid (6)
   (You took it off Ijyb on level 4 of the Dungeon)
Scrolls
 f - 3 scrolls of identify {unknown}
 g - 6 scrolls of noise {!r}
 i - 2 scrolls of silence {unknown}
 k - 4 scrolls of vulnerability {unknown}
 l - 2 scrolls of magic mapping {unknown}
 m - a scroll of amnesia {unknown}
 u - a scroll of torment {unknown}
 y - a scroll of fear {unknown}
 E - a scroll of immolation {!r}
 H - 3 scrolls of teleportation {unknown}
 I - 2 scrolls of fog {unknown}
 K - a scroll of acquirement {unknown}
Potions
 e - 2 potions of haste {unknown}
 n - 2 potions of flight {unknown}
 p - 2 potions of attraction {unknown}
 q - 2 potions of curing {@q1}
 t - 4 potions of lignification {unknown}
 v - 2 potions of invisibility {unknown}
 w - a potion of magic {unknown}
 z - a potion of berserk rage {unknown}
 A - a potion of brilliance {unknown}
 B - 2 potions of ambrosia {unknown}
 C - 5 potions of mutation {!q}
 D - a potion of resistance {unknown}
 F - 4 potions of heal wounds {unknown}
 G - a potion of cancellation {unknown}
 J - a potion of might

Dungeon Overview and Level Annotations

Branches:
Dungeon (7/15)             Temple (1/1) D:4         Ossuary (visited)

Altars:
Cheibriados
Dithmenos
Elyvilon
Fedhas
Gozag
Hepliaklqana
Kikubaaqudgha
Makhleb
Nemelex Xobeh
Okawaru
Qazlal
Ru
Sif Muna
Trog
Uskayaw
Vehumet
Wu Jian
Xom
Yredelemnul
Zin
The Shining One

Shops:
D:1 *   D:3 ( D:4

[
........#####.....######...#
........# #.....#....#...#
........# #.....#....#...#
........# #.....#....#...#
........# #.....#....#...##
........# #.....#....#....#
........# #.....#....'....#
........# #..)o.#....#....#
. #...@.###.##...##
###§o...#.######
#.....#......#
#.....#......#
+.)...#......#
#.....'......#
#.....########..
#...............
#(.....).)......


You could see an orc warrior and an orc priest (very poisoned).


Message History

You block the orc warrior's attack. You block the orc priest's attack.
The orc wizard hits you but does no damage. x2
You closely miss the orc wizard. You hit the orc warrior.
The orc warrior looks as sick as possible!
You hit the orc priest. You hit the orc wizard.
You kill the orc wizard!
Qazlal accepts your kill. You block the orc warrior's attack.
You block the orc priest's attack.
The orc wizard hits you but does no damage.
Your Translocations skill increases to level 2!
You hit the orc wizard but do no damage.
The orc wizard is poisoned.
You slash the orc priest!
You kill the orc priest!
Qazlal accepts your kill.
You closely miss the orc warrior.
The orc warrior hits you with a +1 battleaxe of electrocution.
You are electrocuted!!
You block the orc wizard's attack.
You barely miss the orc warrior.
You hit the orc wizard but do no damage.
The orc wizard looks even sicker.
The orc warrior hits you with a +1 battleaxe of electrocution!
* * * LOW HITPOINT WARNING * * *
The orc wizard barely misses you. The orc warrior completely misses you.
You closely miss the orc warrior. You hit the orc wizard.
The orc wizard barely misses you.
The orc warrior hits you with a +1 battleaxe of electrocution!
* * * LOW HITPOINT WARNING * * *
You hit the orc warrior. You tail-slap the orc warrior.
You hit the orc wizard but do no damage.
The orc wizard looks as sick as possible!
The orc wizard hits you with a +0 dagger.
* * * LOW HITPOINT WARNING * * *
The orc warrior hits you with a +1 battleaxe of electrocution!
* * * LOW HITPOINT WARNING * * *
You are electrocuted!
* * * LOW HITPOINT WARNING * * *
You kill the orc wizard!
Qazlal accepts your kill.
You kill the orc warrior!
Qazlal accepts your kill.
You start resting.
An orc warrior comes into view. It is wielding a +0 long sword.
An orc comes into view. It is wielding a +0 flail.
An orc comes into view. It is wielding a +0 short sword.
Things that are here:
a +1 battleaxe of electrocution; a +0 plate armour; an orc corpse Roll where?
Press: ? - help, Dir - move target, f - orc
Aim: an orc, wielding a +0 flail and wearing a +0 leather armour You roll forward with a clatter of scales!
You slice the orc!!
You kill the orc!
Qazlal accepts your kill.
You start resting.
An orc warrior is nearby!
The orc warrior shouts!
You hear a shout! x2
There's nothing you can charge at!
Roll where?
Press: ? - help, Dir - move target, f - orc warrior
Aim: an orc warrior, wielding a +0 long sword and wearing a +0 plate armour You roll forward with a clatter of scales!
An orc priest comes into view. It is wielding a +1 dagger of flaming.
You barely miss the orc warrior. You tail-slap the orc warrior.
The orc warrior hits you with a +0 long sword.
* * * LOW HITPOINT WARNING * * *
You block the orc warrior's attack.
Roll where?
Press: ? - help, Dir - move target, f - orc priest, p - orc warrior
Aim: an orc priest, wielding a +1 dagger of flaming and wearing a +0 leather armour You roll forward with a clatter of scales!
You barely miss the orc priest.
Your tail-slap misses the orc priest.
You hit the orc.
The orc is poisoned.
You kill the orc!
Qazlal accepts your kill.
The orc priest hits you but does no damage.
You hit the orc priest.
The orc priest mumbles some strange prayers to Beogh against you.
Beogh smites you!
* * * LOW HITPOINT WARNING * * *
You barely miss the orc priest. You closely miss the orc warrior.
The orc priest hits you but does no damage.
The orc warrior hits you but does no damage.
You barely miss the orc priest. You closely miss the orc warrior.
The orc priest hits you but does no damage.
The orc warrior hits you with a +0 long sword!
* * * LOW HITPOINT WARNING * * *
The orc priest calls down the wrath of Beogh upon you.
You struggle to resist.
You hit the orc priest but do no damage.
The orc priest is poisoned.
You closely miss the orc warrior. You block the orc warrior's attack.
The orc priest calls down the wrath of Beogh upon you.
You struggle to resist.
You feel better.
The orc warrior hits you with a +0 long sword.
* * * LOW HITPOINT WARNING * * *
The orc priest calls down the wrath of Beogh upon you.
Beogh smites you!
You die...

Skill      XL: |  1  2  3  4  5  6  7  8  9 |
---------------+----------------------------+-----
Axes           | 3 4 5 6 7 8 |  8.4
Armour         | 3 4 5 |  5.3
Shields        | 3 4 5 |  5.3
Fighting       | 4 5 6 |  6.5
Translocations | 2 |  2.2

Action                   |  1- 3 |  4- 6 |  7- 9 || total
-------------------------+-------+-------+-------++-------
Melee: War axe           |    67 |   142 |   168 ||   377
       Tailslap          |     7 |    19 |    31 ||    57
Throw: Throwing net      |       |       |     1 ||     1
 Abil: Rolling Charge    |     3 |     4 |     8 ||    15
  Use: Potion            |       |       |     1 ||     1
Armor: Scale mail        |    43 |    70 |    98 ||   211
Dodge: Dodged            |    18 |    43 |    56 ||   117
Block: Buckler           |    11 |    29 |    55 ||    95

Levels and vault maps discovered:
D:1:      minmay_arrival_doors, layout_basic, serial_shops, shop, st_stairs_8
D:2:      layout_rooms, basic_altar, minmay_splitting_lines, minmay_circle_x
D:3:      layout_basic, chequers_ecumenical_altar_twisty, serial_shops,
          nicolae_shop_hallway_stairs
D:4:      layout_cave_pods, minmay_temple_entry_grid, enter_ossuary_1,
          serial_shops, nicolae_shop_hallway_stairs, minmay_misc_feat_tower,
          kennysheep_nub, uniq_eustachio, uniq_menkaure, uniq_ijyb
D:5:      layout_gridville, uniq_sigmund
D:6:      layout_gridville, skrybe_limestone_x, st_stairs_4,
          minmay_misc_feat_nine_boxes, grunt_ministairs_14
D:7:      layout_gridville
Temple:   roderic_octagonal_lattice_temple

Notes
Turn   | Place    | Note
-------+----------+-------------------------------------------
     0 | D:1      | MalarOregon the Palentonga Fighter began the quest for the
                  | Orb.
     0 | D:1      | Reached XP level 1. HP: 19/19 MP: 1/1
   197 | D:1      | Reached XP level 2. HP: 25/25 MP: 2/2
   226 | D:1      | Found Wairawk's General Store.
   799 | D:2      | Reached XP level 3. HP: 31/31 MP: 3/3
   813 | D:2      | Reached skill level 3 in Axes
   880 | D:1      | Bought a potion of curing for 33 gold pieces
   973 | D:2      | Reached XP level 4. HP: 36/37 MP: 4/4
   988 | D:2      | Found an ancient bone altar of Kikubaaqudgha.
  1238 | D:2      | You fall into a shaft and drop 2 floors!
  1238 | D:4      | Found a sand-covered staircase.
  1242 | Ossuary  | Entered an ossuary
  1397 | Ossuary  | Reached skill level 3 in Armour
  1403 | Ossuary  | Reached skill level 3 in Shields
  1625 | Ossuary  | Reached XP level 5. HP: 41/44 MP: 5/5
  1700 | D:4      | Noticed Menkaure
  1703 | D:4      | Killed Menkaure
  1704 | D:4      | Reached skill level 4 in Fighting
  1704 | D:4      | Reached skill level 4 in Axes
  1704 | D:4      | Reached XP level 6. HP: 51/51 MP: 6/6
  2100 | D:3      | You pick up a book of Weapons and begin reading...
  2100 | D:3      | You add the spells Portal Projectile, Excruciating Wounds
                  | and Blade Hands to your library.
  2176 | D:3      | Found Aklaheoh's Antique Weapon Shoppe.
  2290 | D:3      | Found a faded altar of an unknown god.
  2495 | D:4      | Noticed Ijyb
  2498 | D:4      | Killed Ijyb
  2593 | D:4      | Noticed Eustachio
  2606 | D:4      | Killed Eustachio
  2607 | D:4      | Reached skill level 5 in Axes
  2607 | D:4      | Gained mutation: You curl defensively after being hit. (AC
                  | +7*) [Palentonga growth]
  2607 | D:4      | Reached XP level 7. HP: 50/58 MP: 7/7
  2706 | D:4      | Found a staircase to the Ecumenical Temple.
  2721 | Temple   | Entered the Ecumenical Temple
  2905 | Temple   | Became a worshipper of Qazlal Stormbringer
  3070 | D:4      | Found Camau's Armour Emporium.
  3215 | D:3      | Bought a glowing war axe for 175 gold pieces
  3651 | D:5      | Entered Level 5 of the Dungeon
  3694 | D:5      | Noticed a two-headed ogre
  3711 | D:5      | Killed a two-headed ogre
  3712 | D:5      | Reached skill level 5 in Fighting
  3712 | D:5      | Reached skill level 6 in Axes
  3712 | D:5      | Reached skill level 4 in Armour
  3712 | D:5      | Reached skill level 4 in Shields
  3712 | D:5      | Reached XP level 8. HP: 31/66 MP: 8/8
  4180 | D:5      | Noticed Sigmund
  4186 | D:5      | Killed Sigmund
  4187 | D:5      | Reached skill level 7 in Axes
  4715 | D:5      | You pick up a book of Blood and begin reading...
  4715 | D:5      | You add the spells Sublimation of Blood, Wereblood and
                  | Summon Hydra to your library.
  4847 | D:5      | Learned a level 3 spell: Portal Projectile
  4860 | D:6      | Reached skill level 6 in Fighting
  4896 | D:6      | Reached skill level 5 in Shields
  4926 | D:6      | Reached XP level 9. HP: 68/73 MP: 9/9
  4943 | D:6      | Reached skill level 5 in Armour
  5297 | D:6      | Reached skill level 1 in Translocations
  5461 | D:6      | Reached skill level 8 in Axes
  5658 | D:6      | Reached * piety under Qazlal
  5823 | D:6      | You add the spells Olgreb's Toxic Radiance, Ozocubu's
                  | Refrigeration and Ignition to your library.
  6456 | D:7      | Reached skill level 2 in Translocations
  6459 | D:7      | HP: 15/75 [orc warrior/+1 battleaxe of electrocution (8)]
  6459 | D:7      | HP: 6/75 [orc warrior/+1 battleaxe of electrocution (9)]
  6564 | D:7      | HP: 15/75 [orc priest/divine providence (12)]
  6566 | D:7      | HP: 5/75 [orc warrior/+0 long sword (10)]
  6568 | D:7      | Killed from afar by an orc priest

Vanquished Creatures
  A two-headed ogre (D:5)
  Sigmund (D:5)
  Eustachio (D:4)
  Menkaure (D:4)
  3 orc warriors
  An ice beast (D:6)
  A necrophage (D:6)
  An ogre (D:5)
  2 bullfrogs (D:6)
  A gnoll sergeant (D:5)
  A water moccasin skeleton (D:5)
  A howler monkey (D:6)
  2 centaur zombies
  2 hounds
  2 orc priests
  3 bullfrog skeletons
  2 gnoll shamans (D:6)
  2 human zombies (Ossuary)
  2 jellies
  Ijyb (D:4)
  An iguana (D:6)
  2 orc wizards (D:7)
  A hound zombie (D:5)
  A hound skeleton (D:4)
  2 mummies (Ossuary)
  4 howler monkey zombies
  18 gnolls
  A howler monkey skeleton (D:5)
  8 adders
  A white imp (D:5)
  An ufetubus (D:7)
  2 worms
  2 dart slugs
  18 orcs
  2 ball pythons (D:2)
  6 bats
  7 endoplasms
  4 giant cockroaches
  3 goblins
  5 hobgoblins
  5 kobolds
  A goblin zombie (Ossuary)
  A hobgoblin zombie (Ossuary)
  3 kobold zombies (Ossuary)
  An orc zombie (Ossuary)
  4 rats
135 creatures vanquished.

Table legend:
 A = Non-vault XP
 B = Vault XP
 C = Vault XP percentage of total XP
 D = Non-vault monster count
 E = Vault monster count
 F = Vault count percentage of total count
                 A         B        C        D         E       F
            +---------+---------+-------+---------+---------+-------
      Total |    3105 |     961 |  23.6 |     113 |      22 |  16.3
            +---------+---------+-------+---------+---------+-------
        D:1 |      20 |       2 |   9.1 |      10 |       1 |   9.1
        D:2 |      83 |       5 |   5.7 |      17 |       3 |  15.0
        D:3 |     175 |       0 |   0.0 |      23 |       0 |   0.0
        D:4 |      81 |     411 |  83.5 |       6 |       3 |  33.3
        D:5 |    1523 |     223 |  12.8 |      20 |       1 |   4.8
        D:6 |     958 |     195 |  16.9 |      29 |       4 |  12.1
        D:7 |     265 |       0 |   0.0 |       8 |       0 |   0.0
    Ossuary |       0 |     125 | 100.0 |       0 |      10 | 100.0
            +---------+---------+-------+---------+---------+-------

Illustrated notes

Table legend:
 A = Kills in this place as a percentage of kills in entire the game.
 B = Kills by you in this place as a percentage of kills by you in the entire game.
 C = Kills by friends in this place as a percentage of kills by friends in the entire game.
 D = Other kills in this place as a percentage of other kills in the entire game.
 E = Experience gained in this place as a percentage of experience gained in the entire game.
 F = Experience gained in this place divided by the number of levels of this place that you have seen.
                   A       B       C       D       E      F
               +-------+-------+-------+-------+-------+----------------------
         Total | 100.0 | 100.0 |   N/A |   N/A | 100.0 | 451.8
       Dungeon |  92.6 |  92.6 |   N/A |   N/A |  96.9 | 563.0
       Ossuary |   7.4 |   7.4 |   N/A |   N/A |   3.1 | 125.0
               +-------+-------+-------+-------+-------+----------------------

Table legend: (Time is in decaauts)
 A = Elapsed time spent in this place.
 B = Non-inter-level travel time spent in this place.
 C = Inter-level travel time spent in this place.
 D = Time resting spent in this place.
 E = Time spent auto-exploring this place.
 F = Levels seen in this place.
 G = Mean time per level.
                   A        B        C        D        E       F      G
               +--------+--------+--------+--------+--------+-----+--------+
         Total |   6668 |   6308 |    360 |   1019 |   4174 |   9 |  740.9 |
       Dungeon |   5951 |   5610 |    341 |   1019 |   3643 |   7 |  850.1 |
        Temple |    286 |    267 |     19 |      0 |    241 |   1 |  286.0 |
       Ossuary |    429 |    429 |      0 |      0 |    290 |   1 |  429.0 |
               +--------+--------+--------+--------+--------+-----+--------+

Top non-repeatable levels by time:
     D:6: 1517 daAuts
     D:5: 1212 daAuts
     D:4: 1051 daAuts
     D:2: 700 daAuts
     D:1: 692 daAuts
     D:3: 565 daAuts
 Ossuary: 429 daAuts
  Temple: 286 daAuts
     D:7: 211 daAuts
